 Dungeon Crawl Stone Soup version 0.23.2-40-g277498a001 (webtiles) character file.

Game seed: 18097652049674694630

117 FishyPogo the Stinger (level 4, 0/24 HPs)
             Began as a Deep Elf Venom Mage on Aug 18, 2019.
             Was an Initiate of Sif Muna.
             Succumbed to an adder's poison
             ... on level 3 of the Dungeon.
             The game lasted 00:08:23 (1926 turns).

FishyPogo the Stinger (Deep Elf Venom Mage)         Turns: 1926, Time: 00:08:23

Health: 0/24       AC:  5    Str:  5    XL:     4   Next: 71%
Magic:  0/11       EV: 12    Int: 21    God:    Sif Muna [......]
Gold:   129        SH:  0    Dex: 15    Spells: 4/10 levels left

rFire    . . .     SeeInvis .   d - +0 club
rCold    + . .     Gourm    .   (no shield)
rNeg     . . .     Faith    .   j - +1 leather armour {MR+}
rPois    .         Spirit   .   k - +0 helmet
rElec    .         Reflect  .   (no cloak)
rCorr    .         Harm     .   (no gloves)
MR       +....                  (no boots)
Stlth    ++........             (no amulet)
HPRegen  0.08/turn              e - ring of protection from cold
MPRegen  0.12/turn              (no ring)

@: lethally poisoned (0 -> -14)
A: no striking features
a: Renounce Religion


You were on level 3 of the Dungeon.
You worshipped Sif Muna.
Sif Muna was noncommittal.
You were not hungry.

You visited 1 branch of the dungeon, and saw 3 of its levels.

You collected 129 gold pieces.

Inventory:

Hand Weapons
 d - a +0 club (weapon)
Missiles
 f - 62 stones (quivered)
Armour
 j - a +1 leather armour of magic resistance (worn)
 k - a +0 helmet (worn)
Jewellery
 e - a ring of protection from cold (left hand)
 h - a cursed amulet of inaccuracy {unknown}
Scrolls
 a - a scroll of enchant weapon {unknown}
 b - 3 scrolls of identify {unknown}
 i - a scroll of remove curse {unknown}
 l - a scroll of enchant armour {unknown}
 m - a scroll of magic mapping {unknown}
Comestibles
 c - 5 rations


   Skills:
 + Level 3.3 Dodging
 - Level 2.4 Stealth
 + Level 3.8 Spellcasting
 * Level 3.0 Conjurations
 * Level 4.3 Poison Magic


You had 4 spell levels left.
You knew the following spells:

 Your Spells              Type           Power        Failure   Level  Hunger
a - Sting                 Conj/Pois      ###.         4%          1    None
b - Poisonous Vapours     Pois/Air       ##....       13%         2    #......
d - Mephitic Cloud        Conj/Pois/Air  ##......     22%         3    ###....

Your spell library contained the following spells:

 Spells                   Type           Power        Failure   Level  Hunger
 Olgreb's Toxic Radiance  Pois           ###.....     32%         4    ####...
 Venom Bolt               Conj/Pois      ###.......   77%         5    ######.


Dungeon Overview and Level Annotations

Branches:
Dungeon (3/15)

Altars:
Sif Muna
Uskayaw
Wu Jian


Message History

* * * LOW HITPOINT WARNING * * *
You are lethally poisoned!
The adder poisons you!
You hit the adder but do no damage.
* * * LOW HITPOINT WARNING * * *
You feel sick. The adder bites you but does no damage. The adder bites you.
* * * LOW HITPOINT WARNING * * *
You are more poisoned.
The adder poisons you!
You aren't carrying any potions.
You closely miss the adder.
* * * LOW HITPOINT WARNING * * *
You feel sick. The adder bites you but does no damage. The adder misses you.
You hit the adder.
The adder is lightly wounded.
* * * LOW HITPOINT WARNING * * *
You feel sick. The adder closely misses you.
You miss the adder.
The adder is lightly wounded.
You die...

#.# #÷#
#.##
#..#
##.#
#.##
#..#
##.#
#@#####
#†S†).#
#####..#
.#


You could see an adder.

Vanquished Creatures
  4 adders (D:2)
  2 oozes
  3 worms
  3 dart slugs
  A leopard gecko (D:2)
  5 bats
  2 giant cockroaches
  4 goblins
  7 hobgoblins
  11 jackals
  3 frilled lizards
  4 kobolds
  7 rats
56 creatures vanquished.

Notes
Turn   | Place    | Note
-------+----------+-------------------------------------------
     0 | D:1      | FishyPogo the Deep Elf Venom Mage began the quest for the
                  | Orb.
     0 | D:1      | Reached XP level 1. HP: 10/10 MP: 6/6
   383 | D:1      | Reached XP level 2. HP: 8/15 MP: 2/8
   790 | D:2      | Noticed a -2 hand axe
   790 | D:2      | Noticed a +0 dagger
   792 | D:2      | Found a hide-covered altar of Uskayaw.
   815 | D:2      | Reached XP level 3. HP: 16/19 MP: 0/9
   819 | D:2      | Learned a level 2 spell: Poisonous Vapours
   823 | D:2      | Learned a level 3 spell: Mephitic Cloud
   973 | D:2      | Reached skill level 4 in Poison Magic
  1005 | D:2      | Found a deep blue altar of Sif Muna.
  1009 | D:2      | Found an ornate altar of the Wu Jian Council.
  1018 | D:2      | Became a worshipper of Sif Muna the Loreminder
  1272 | D:2      | Reached XP level 4. HP: 18/24 MP: 1/11
  1926 | D:3      | Succumbed to an adder's poison

Skill      XL: |  1  2  3  4 |
---------------+-------------+-----
Conjurations   | 2 3 |  3.0
Dodging        | 3 |  3.3
Poison Magic   | 4 |  4.3
Stealth        | |  2.4
Spellcasting   | |  3.8

Action                   |  1- 3 |  4- 6 || total
-------------------------+-------+-------++-------
Melee: Club              |    19 |    42 ||    61
 Cast: Sting             |    72 |    38 ||   110
       Poisonous Vapours |     1 |     6 ||     7
 Stab: Sleeping          |     1 |       ||     1
  Eat: Chunk             |     1 |     2 ||     3
Armor: Robe              |     7 |       ||     7
       Leather armour    |    10 |    20 ||    30
Dodge: Dodged            |    28 |    44 ||    72
